 Dungeon Crawl Stone Soup version 0.30-b1-2-g02819fbbbe (webtiles) character file.

Game seed: 16400709619721482418

100 redmage the Digger (level 5, -4/38 HPs)
             Began as a Meteoran Earth Elementalist on Aug 29, 2023.
             Slain by an orc
             ... wielding a +1 hand axe of flaming
              (6 damage)
             ... on level 4 of the Dungeon.
             The game lasted 00:08:16 (433 turns).

redmage the Digger (Meteoran Earth Elementalist)     Turns: 433, Time: 00:08:17

Health: -4/38      AC:  2    Str: 14    XL:     5   Next: 24%
Magic:  4/12       EV: 12    Int: 18    God:
Gold:   72         SH:  0    Dex: 15    Spells: 6/12 levels left

rFire   . . .        g - +3 spear of the Grinning Priest {speed, rCorr Str+5}
rCold   . . .        (no shield)
rNeg    . . .        a - +0 robe
rPois   .            (no helmet)
rElec   .            (no cloak)
rCorr   +            (no gloves)
SInv    .            (no boots)
Will    .....        (no amulet)
Stlth   +            (no ring)
HPRegen 0.26/turn    (no ring)
MPRegen 0.13/turn

%: no passive effects
@: silenced (expiring), glowing
A: sense surroundings 1, otherworldly, glowing, explore regen
a: no special abilities


You were on level 4 of the Dungeon.
You visited 1 branch of the dungeon, and saw 4 of its levels.

You collected 72 gold pieces.

Inventory:

Hand Weapons
 g - the +3 spear of the Grinning Priest (weapon) {speed, rCorr Str+5}
   (You found it on level 2 of the Dungeon)

   Str:       It affects your strength (+5).
   rCorr:     It protects you from acid and corrosion.
 n - a +2 dagger of venom
Armour
 a - a +0 robe (worn)
 m - a +2 ring mail of poison resistance
Magical Staves
 e - a staff of fire
Scrolls
 f - a scroll of blinking
 l - a scroll of fear {unknown}
Potions
 b - a potion of magic
 c - a potion of degeneration {unknown}
 d - a potion of brilliance {unknown}
 h - a potion of berserk rage {unknown}


   Skills:
 - Level 2.4 Dodging
 - Level 1.4 Stealth
 + Level 4.0 Spellcasting
 * Level 2.6 Conjurations
 - Level 1.2 Transmutations
 + Level 4.7 Earth Magic


You had 6 spell levels left.
You knew the following spells:

 Your Spells              Type           Power      Damage    Failure   Level
a - Sandblast             Erth           40%        2d10      1%          1
b - Passwall              Tmut/Erth      11%        N/A       6%          2
c - Stone Arrow           Conj/Erth      34%        3d9       10%         3

Your spell library contained the following spells:

 Spells                   Type           Power      Damage    Failure   Level
 Petrify                  Tmut/Erth      14%        N/A       38%         4


Dungeon Overview and Level Annotations

Branches:
Dungeon (4/15) Zot: 1952
 Temple: D:4-7

Altars:


Innate Abilities, Weirdness & Mutations

You passively map a small area around you.
You are easily found by Zot.
You glow in the dark.
You regain HP and MP as you explore.


Message History

The orc is almost dead.
You hit the orc but do no damage.
The orc is almost dead.
The orc closely misses you.
Unknown command.
You hit the orc but do no damage.
The orc is almost dead.
The orc hits you with a +0 hand axe.
You barely miss the orc.
The orc is almost dead.
The orc closely misses you.
Unknown command.
You hit the orc but do no damage.
The orc is almost dead.
You hit the orc.
You kill the orc!
Unknown command.
Unknown command.
Things that are here:
a +0 hand axe; a +0 chain mail; an orc corpse A phantom comes into view.
A worm comes into view.
An orc wizard comes into view. It is wielding a +0 dagger.
The orc wizard casts a spell at you. The puff of flame hits you.
An orc priest comes into view. It is wielding a +0 flail.
The orc priest looks encouraged for a moment.
An orc comes into view.
It is wielding a +1 hand axe of flaming.
The orc wizard gestures at you while chanting.
The magic dart hits you!
An orc comes into view. It is wielding a +0 flail.
The orc wizard hits you with a +0 dagger.
* * * LOW HITPOINT WARNING * * *
The orc moves out of view.
The orc priest hits you with a +0 flail.
* * * LOW HITPOINT WARNING * * *
The orc wizard hits you with a +0 dagger.
* * * LOW HITPOINT WARNING * * *
The orc hits you with a +1 hand axe of flaming.
You die...

* , * * #..........
#.........# ,
#.........########### ,
###........#..........
#..........#.......... ,
.####..........o.........( *
.............oo#..........
### ...#......[.@<#..........
................o.#..........
*
....####....W................
,
..................#..........
..................#..........
w...................####.####
...........)#####..#...,... ,
............#.....#..... ...
........................ ,...


You could see a phantom, an orc priest, an orc wizard and 2 orcs.

Vanquished Creatures
  An orc priest (D:4)
  An iguana (D:4)
  A shadow imp (D:4)
  A worm (D:3)
  A dart slug (D:1)
  3 orcs
  3 bats (D:1)
  2 endoplasms (D:1)
  2 giant cockroaches
  5 hobgoblins
  3 ball pythons
  A frilled lizard (D:3)
  3 kobolds
  A rat (D:3)
28 creatures vanquished.

Notes
Turn   | Place    | Note
-------+----------+-------------------------------------------
     0 | D:1      | redmage the Meteoran Earth Elementalist began the quest for
                  | the Orb.
     0 | D:1      | Reached XP level 1. HP: 14/14 MP: 5/5
    18 | D:1      | Reached XP level 2. HP: 20/20 MP: 1/7
    93 | D:1      | Reached XP level 3. HP: 22/26 MP: 3/8
    97 | D:1      | Learned a level 2 spell: Passwall
   101 | D:1      | Learned a level 3 spell: Stone Arrow
   140 | D:2      | Identified the +3 spear of the Grinning Priest {speed,
                  | rCorr Str+5}
   232 | D:4      | Reached skill level 1 in Conjurations
   333 | D:4      | Reached XP level 4. HP: 27/33 MP: 2/10
   387 | D:4      | Reached XP level 5. HP: 31/38 MP: 0/12
   423 | D:4      | Noticed a phantom
   433 | D:4      | Slain by an orc

Illustrated notes

Levels and vault maps discovered:
D:1:      zelgadis_glass_arrival_small, layout_rooms, minmay_misc_feat_square
D:2:      layout_basic, hellmonk_ecumenical_altar_crossroads
D:3:      layout_basic, okawaru_altar_gauntlet_db, minmay_ruptured, uniq_grinder
D:4:      layout_rooms, lemuel_mausoleum_altar_kikubaaqudgha,
          grunt_gozag_breadcrumbs, minitemple, nicolae_wormholes

Skill      XL: |  1  2  3  4 |
---------------+-------------+-----
Spellcasting   | 3 4 |  4.0
Earth Magic    | 4 |  4.7
Conjurations   | 2 |  2.6
Dodging        | |  2.4
Stealth        | |  1.4
Transmutations | |  1.2

Action                     |  1- 3 |  4- 6 || total
---------------------------+-------+-------++-------
  Melee: Spear             |     4 |    15 ||    19
   Cast: Sandblast         |    30 |     4 ||    34
         Stone Arrow       |     5 |     3 ||     8
         Passwall          |     1 |     1 ||     2
    Use: Scroll            |       |     4 ||     4
   Stab: Sleeping          |     1 |       ||     1
 Armour: Robe              |     3 |     1 ||     4
  Dodge: Dodged            |    11 |     7 ||    18
